 Dungeon Crawl Stone Soup version 0.23-a0-650-ga4d50d4d25 (webtiles) character file.

270912 Napalmbreeze the Warrior (level 19, -7/244 HPs)
             Began as a Demonspawn Chaos Knight on Jan 5, 2019.
             Was a Plaything of Xom.
             Mangled by Jory
             ... wielding a +0 battleaxe of draining
              (12 damage)
             ... on level 3 of the Vaults on Jan 6, 2019.
             The game lasted 02:47:29 (43372 turns).

Napalmbreeze the Warrior (Demonspawn Chaos Knight) Turns: 43372, Time: 02:47:29

Health: -7/244     AC: 36    Str: 31    XL:     19   Next: 44%
Magic:  23/25      EV: 16    Int: 16    God:    Xom [.....*]
Gold:   2313       SH: 23    Dex: 25    Spells: 18/18 levels left

rFire    + + +     SeeInvis +   U - +9 flail of Egomania {flame, Dex+4}
rCold    + + +     Gourm    .   g - +2 large shield
rNeg     . . .     Faith    .   H - +11 gold dragon scales
rPois    +         Spirit   .   (helmet unavailable)
rElec    +         Reflect  +   i - scarf {rC+ rF+}
rCorr    +         Harm     .   N - +1 pair of gloves "Punop" {-Cast rElec rCorr Dex+3}
MR       +++..     NoCast   +   (no boots)
Stlth    ..........             f - amulet of Bont {Reflect Str+5 SH+4}
HPRegen  0.50/turn              Q - ring of Qoovvic {rF+ MR+ AC-2 Str+3}
MPRegen  0.19/turn              A - ring of see invisible

@: mighty, agile, berserking (expiring), sanguine armour, slowed, heavily
drained
A: horns 3, talons 2, blurry vision 1, cold resistance 1, deformed body, demonic
guardian 3, deterioration 1, magic resistance 1, mutation resistance 1,
electricity resistance, MP-powered wands, sanguine armour 3
}: 2/15 runes: barnacled, gossamer
a: Renounce Religion


You were on level 3 of the Vaults.
You worshipped Xom.
You were Xom's teddy bear.
You were not hungry.

You visited 6 branches of the dungeon, and saw 34 of its levels.
You visited 2 bazaars.
You also visited: Ossuary and Ice Cave.

You collected 4772 gold pieces.
You spent 2459 gold pieces at shops.

Inventory:

Hand Weapons
 y - a +0 antimagic demon trident
 U - the +9 flail of Egomania (weapon) {flame, Dex+4}
   (You found it in an ice cave)

   It has been specially enchanted to burn those struck by it, causing extra
   injury to most foes and up to half again as much damage against particularly
   susceptible opponents.
   It affects your dexterity (+4).
Missiles
 x - 11 throwing nets (quivered)
Armour
 g - a +2 large shield (worn)
 i - a scarf of resistance (worn)
 E - a +2 buckler
 H - +11 gold dragon scales (worn)
 N - the +1 pair of gloves "Punop" (worn) {-Cast rElec rCorr Dex+3}
   (You found it on level 1 of the Shoals)

   It affects your dexterity (+3).
   It insulates you from electricity.
   It prevents spellcasting.
   It provides partial protection from all sources of acid and corrosion.
Jewellery
 f - the amulet of Bont (around neck) {Reflect Str+5 SH+4}
   (You found it on level 4 of the Spider Nest)

   [amulet of reflection]

   It shields you and reflects attacks.
   It affects your strength (+5).
   It affects your SH (+4).
 n - the ring "Kidisch" {+Blink +Fly Str+5}
   (You bought it in a shop on level 2 of the Orcish Mines)

   [ring of flight]

   It affects your strength (+5).
   It lets you fly.
   It lets you blink.
 A - a ring of see invisible (right hand)
 B - a +6 amulet of reflection
 J - the amulet of Temptation {Spirit +Blink rPois rN++ Stlth-}
   (Xom gifted it to you on level 7 of the Dungeon)

   [amulet of guardian spirit]

   It causes incoming damage to be split between your health and magic.
   It protects you from poison.
   It greatly protects you from negative energy.
   It lets you blink.
   It makes you less stealthy.
 Q - the ring of Qoovvic (left hand) {rF+ MR+ AC-2 Str+3}
   (You found it on level 13 of the Dungeon)

   [ring of protection]

   It affects your AC (-2).
   It affects your strength (+3).
   It protects you from fire.
   It affects your resistance to hostile enchantments.
Wands
 a - a wand of scattershot (15)
 G - a wand of acid (28)
 K - a wand of iceblast (18)
 M - a wand of clouds (2)
 Y - a wand of disintegration (6)
Scrolls
 b - 8 scrolls of magic mapping
 d - 3 scrolls of amnesia
 e - 2 scrolls of enchant weapon
 l - 3 scrolls of silence
 m - 6 scrolls of blinking
 p - 17 scrolls of remove curse
 s - 18 scrolls of teleportation
 v - 5 scrolls of fear
 D - 10 scrolls of fog
 L - 2 scrolls of holy word
 S - a scroll of summoning
 T - 7 scrolls of identify
Potions
 h - 3 potions of brilliance
 j - 2 potions of ambrosia
 q - 7 potions of haste
 r - 7 potions of curing
 t - 4 potions of agility
 w - 8 potions of flight
 F - a potion of berserk rage
 I - 4 potions of might
 P - 4 potions of invisibility
 R - 3 potions of resistance
 W - 8 potions of lignification
 X - 3 potions of cancellation
Miscellaneous
 k - a lamp of fire (inert)
 o - a sack of spiders
 z - a phial of floods
 C - a crystal ball of energy
Comestibles
 c - 42 rations
 O - 4 chunks of flesh


   Skills:
 + Level 18.1(15.5) Fighting
   Level 5.1(9.8) Axes
 + Level 13.3(11.4) Maces & Flails
 - Level 10.5(8.8) Polearms
 + Level 15.0(12.6) Armour
 - Level 14.0(11.7) Dodging
 * Level 5.6(3.8) Shields
 - Level 8.0(5.9) Evocations


You had 18 spell levels left.
You didn't know any spells.
Your spell library contained the following spells:

 Spells                   Type           Power        Failure   Level  Hunger
 Animate Skeleton         Necr           N/A          100%        1    ##.....
 Confusing Touch          Hex            #.....       100%        1    ##.....
 Flame Tongue             Conj/Fire      #....        100%        1    ##.....
 Pain                     Necr           #...         100%        1    ##.....
 Summon Butterflies       Summ           #.......     100%        1    ##.....
 Summon Small Mammal      Summ           #...         100%        1    ##.....
 Call Imp                 Summ           #.......     100%        2    ###....
 Poisonous Vapours        Pois/Air       #.....       100%        2    ###....
 Throw Flame              Conj/Fire      #.....       100%        2    ###....
 Call Canine Familiar     Summ           #.......     100%        3    ####...
 Confuse                  Hex            #.......     100%        3    ####...
 Conjure Flame            Conj/Fire      #.......     100%        3    ####...
 Gell's Gravitas          Tloc           #.........   100%        3    ####...
 Inner Flame              Hex/Fire       #.......     100%        3    ####...
 Mephitic Cloud           Conj/Pois/Air  #.......     100%        3    ####...
 Regeneration             Chrm/Necr      #.........   100%        3    ####...
 Summon Guardian Golem    Hex/Summ       #.......     100%        3    ####...
 Vampiric Draining        Necr           #.........   100%        3    ####...
 Animate Dead             Necr           N/A          100%        4    #####..
 Cause Fear               Hex            #.........   100%        4    #####..
 Leda's Liquefaction      Hex/Erth       #.........   100%        4    #####..
 Petrify                  Tmut/Erth      #.......     100%        4    #####..
 Sticky Flame             Conj/Fire      #.......     100%        4    #####..
 Summon Ice Beast         Ice/Summ       #.......     100%        4    #####..
 Summon Lightning Spire   Summ/Air       #.......     100%        4    #####..
 Bolt of Magma            Conj/Fire/Erth #.........   100%        5    ######.
 Fireball                 Conj/Fire      #.........   100%        5    ######.
 Metabolic Englaciation   Hex/Ice        #.........   100%        5    ######.
 Silence                  Hex/Air        #.........   100%        5    ######.
 Summon Mana Viper        Hex/Summ       #.......     100%        5    ######.
 Yara's Violent Unravell  Hex/Tmut       #.........   100%        5    ######.
 Deflect Missiles         Chrm/Air       #.........   100%        6    #######
 Freezing Cloud           Conj/Ice/Air   #.........   100%        6    #######
 Iron Shot                Conj/Erth      #.........   100%        6    #######
 Statue Form              Tmut/Erth      #........    100%        6    #######
 Ring of Flames           Chrm/Fire      #.........   100%        7    #######
 Summon Hydra             Summ           #.........   100%        7    #######
 Discord                  Hex            #.........   100%        8    #######
 Shatter                  Erth           #.........   100%        9    #######


Dungeon Overview and Level Annotations

Branches:
Dungeon (15/15)            Temple (0/1) D:4            Lair (6/6) D:10
 Shoals (4/4) Lair:3       Spider (4/4) Lair:2        Slime (0/5) Lair:5
    Orc (2/2) D:9             Elf (0/3) Orc:2        Vaults (3/5) D:13
 Depths (0/5) D:15
  Crypt: Vaults:2-3

Altars:
Cheibriados
Makhleb
Nemelex Xobeh
Sif Muna
Xom
The Shining One
Beogh
Jiyva

Shops:
D:5 }   D:13 :   Orc:2 *==}*

Portals:
Hell: Lair:6

Annotations:
D:4 STOP GIVING ME STONES DAMN IT
D:6 Wait actually thanks
D:8 Ty XOm
D:9 "generous nature"
D:14 Ty xom, 2 runed doors
D:15 Ciugracu's ghost, weakling FoFi
Spider:1 3 runed doors, SupremeSnack's ghost, adept DsBe
Vaults:1 3 runed doors, Wamu's ghost, veteran GnSk
Vaults:3 Jory


Innate Abilities, Weirdness & Mutations

You have razor-sharp toenails.
Your flesh is cold resistant. (rC+)
A powerful demonic guardian rushes to your aid.
When seriously injured, your bleeding wounds create very thick armour. (AC +12)
You have a pair of large horns on your head.
Scrolls take you a little longer to read.
Armour fits poorly on your strangely shaped body.
Your body sometimes deteriorates upon taking damage.
You are resistant to hostile enchantments. (MR+)
You are somewhat resistant to further mutation.
You are resistant to electric shocks. (rElec)
You expend magic power (3 MP) to strengthen your wands.


Message History

Your shield prevents you from hitting Jory.
Your kick misses Jory. Your headbutt misses Jory.
Jory is heavily damaged.
The sphinx casts a spell.
You resist with almost no effort. You block Jory's attack.
Jory hits your lorocyproca but does no damage.
Jory bites you but does no damage.
Your lorocyproca hits Jory!!
Jory's magic leaks into the air.
The sphinx closely misses you. x2
The sphinx hits you but does no damage.
Unknown command.
Unknown command.
Unknown command.
You sock Jory! You burn Jory. You claw Jory!
You headbutt Jory, but do no damage.
Jory is severely damaged.
You block the sphinx's attack. The sphinx barely misses you.
The sphinx closely misses you. You block the shadow wraith's attack.
Jory hits you with a +0 battleaxe of draining!
You die...
Xom snickers!

+...... #++# #.....
##))## #....
##))).## . #...
##).....##
...##''##§.......#
....'§)§.§..##....+
....'†.§2.H.##....+
...##'§##VWH.....##
#..§ ##@H....##
#.... ##....##
#..... ##..##
###### ###


You could see Jory, 3 sphinxes, a shadow wraith (invisible) and a friendly
lorocyproca (invisible).

Vanquished Creatures
  3 sphinxes
  A kraken (Shoals:4)
  2 ancient champions (Vaults:2)
  A shadow dragon (Vaults:3)
  7 vault wardens
  A storm dragon (Vaults:3)
  3 ghost moths (Spider:4)
  4 emperor scorpions
  4 ironheart preservers
  3 stone giants
  2 entropy weavers
  2 vampire knights (Vaults:2)
  A deep elf annihilator (Vaults:2)
  3 spark wasps (Spider:4)
  An ettin (Vaults:3)
  A merfolk javelineer (Shoals:4)
  4 merfolk impalers
  A fire dragon (Vaults:2)
  6 yaktaur captains
  3 great orbs of eyes
  An ice dragon (Vaults:1)
  Fannar (Orc:1)
  Harold (D:7)
  10 vault guards
  4 merfolk aquamancers
  8 hydras
  An alligator snapping turtle (Shoals:3)
  7 ogre magi
  6 centaur warriors
  A satyr (Shoals:3)
  A death knight (Vaults:2)
  19 two-headed ogres
  6 death yaks
  3 orc high priests (Orc:2)
  5 deep elf knights
  Sonja (Lair:5)
  Nergalle (Orc:1)
  A sun demon (Lair:6)
  A fire crab (Lair:5)
  7 sea snakes
  2 flayed ghosts (Vaults:2)
  2 unseen horrors
  An unseen horror (shapeshifter) (Vaults:1)
  A glowing orange brain (Vaults:2)
  Pikel (D:6)
  7 wizards
  A phantasmal warrior (Vaults:2)
  12 orc knights
  3 deep elf archers
  13 ironbrand convokers
  A kraken simulacrum (Shoals:4)
  28 wolf spiders
  15 ugly things
  A necromancer (Vaults:2)
  3 deep elf magi
  An orb spider (shapeshifter) (Vaults:1)
  6 harpies
  9 cyclopes
  9 fauns
  16 orb spiders
  5 orc sorcerers
  7 manticores
  2 black mambas (Lair:5)
  2 moths of wrath
  5 elephants
  2 ice statues (IceCv)
  5 merfolk sirens
  A guardian serpent (shapeshifter) (Vaults:1)
  Joseph (D:7)
  6 vault sentinels
  5 torpor snails
  3 orange demons
  6 water nymphs
  15 spiny frogs
  A gargoyle (D:14)
  18 yaktaurs
  7 demonic crawlers
  A yaktaur (shapeshifter) (Spider:4)
  3 freezing wraiths
  4 komodo dragons
  A hellwing (Lair:6)
  3 rime drakes (Lair:6)
  9 ice devils
  A meliai (shapeshifter) (D:15)
  A red devil (Lair:6)
  27 merfolk
  A merfolk (shapeshifter) (Vaults:1)
  2 polar bears
  7 trolls
  28 jumping spiders
  3 meliai (D:15)
  11 slime creatures
  7 snapping turtles
  9 blink frogs
  6 wind drakes
  12 hornets
  Prince Ribbit (D:8)
  A raiju (Spider:3)
  A dream sheep (Lair:6)
  14 hippogriffs
  29 tarantellas
  A tarantella (shapeshifter) (Orc:2)
  A vampire (D:11)
  36 yaks
  3 wyverns
  59 redbacks
  8 water elementals
  2 wraiths
  A spriggan (D:9)
  5 vampire mosquitoes (D:14)
  3 basilisks (Lair:2)
  2 fire elementals (Spider:3)
  A steam dragon (D:11)
  A hungry ghost (D:15)
  8 wargs
  2 acid dragons
  11 water moccasins
  A soldier ant (shapeshifter) (D:15)
  7 porcupines
  5 hell hounds
  A floating eye (Vaults:3)
  A human skeleton (Vaults:2)
  A slave (D:6)
  2 hornet zombies
  5 phantoms
  An eye of draining (D:11)
  15 ice beasts
  30 orc warriors
  3 black bears
  A human zombie (Vaults:2)
  8 necrophages
  A sky beast (shapeshifter) (D:15)
  4 sky beasts
  13 ogres
  19 wolves
  10 boggarts
  7 crocodiles
  42 centaurs
  A big kobold (D:9)
  17 bullfrogs
  4 scorpions
  2 water moccasin zombies (Ossuary)
  8 killer bees (D:13)
  5 wights (D:15)
  2 electric eels (Spider:4)
  5 crimson imps
  4 bullfrog zombies
  2 draconian simulacra (IceCv)
  A quasit (D:10)
  10 centaur zombies
  A human simulacrum (Vaults:2)
  5 hounds
  20 orc priests
  8 jellies
  Crazy Yiuf (D:7)
  2 bullfrog skeletons
  18 orc wizards
  8 centaur skeletons
  5 iguanas
  A spriggan simulacrum (IceCv)
  7 worker ants
  2 troll simulacra (IceCv)
  2 killer bee zombies (Ossuary)
  A centaur simulacrum (IceCv)
  2 hound zombies
  3 howler monkey zombies
  12 mummies (Ossuary)
  4 worker ant zombies
  5 gnolls
  An adder (shapeshifter) (D:14)
  11 adders
  2 ogre simulacra (IceCv)
  2 naga simulacra (IceCv)
  7 shadow imps
  An ooze (D:2)
  3 adder zombies
  3 worms
  3 dart slugs
  4 leopard geckos
  65 orcs
  2 ball pythons
  7 bats
  6 giant cockroaches
  8 goblins
  2 hobgoblins (D:2)
  15 jackals
  14 kobolds
  4 quokkas
  10 frilled lizards
  A giant cockroach zombie (D:5)
  A jackal zombie (D:5)
  2 leopard gecko zombies (Ossuary)
  2 quokka skeletons
  2 quokka zombies
  10 rats
  A fungus (D:7)
  2 plants
  3 tentacles (Shoals:4)
1226 creatures vanquished.

Vanquished Creatures (collateral kills)
  Mennas (Vaults:3)
  An acid blob (Shoals:1)
  2 sphinxes (Vaults:3)
  An ironheart preserver (Vaults:3)
  A stone giant (Vaults:3)
  2 entropy weavers (Spider:1)
  Azrael (Spider:3)
  3 merfolk javelineers
  2 merfolk impalers (Shoals:4)
  A rakshasa (D:15)
  An ice dragon (Vaults:3)
  8 vault guards
  2 merfolk avatars
  A death knight (Vaults:3)
  4 two-headed ogres
  A death yak (Lair:3)
  A flayed ghost (Vaults:3)
  A wizard (Vaults:3)
  A necromancer (IceCv)
  3 harpies (Shoals:2)
  3 orc knights
  3 wolf spiders
  A moth of wrath (Vaults:3)
  An orc sorcerer (Orc:2)
  A cyclops (D:15)
  A manticore (Shoals:4)
  3 fauns (Shoals:3)
  4 ugly things
  Maurice (D:8)
  A spiny frog (Lair:5)
  A vault sentinel (Vaults:2)
  4 yaktaurs
  A centaur skeleton (D:15)
  2 komodo dragons
  A rime drake (Lair:2)
  An ice devil (Lair:6)
  3 merfolk
  A wind drake (Shoals:4)
  2 jumping spiders
  4 blink frogs
  2 slime creatures
  A snapping turtle (Shoals:3)
  A hippogriff (Lair:1)
  8 redbacks
  3 tarantellas
  A wraith (Vaults:2)
  A water elemental (Shoals:3)
  A basilisk (Lair:3)
  2 fire elementals (Spider:3)
  A hungry ghost (D:5)
  A vampire mosquito (D:14)
  A porcupine (shapeshifter) (D:5)
  A hell hound (Spider:3)
  A black bear (D:6)
  An orc warrior (Orc:2)
  2 ice beasts
  A sky beast (D:5)
  2 ogres
  A wolf (Lair:3)
  2 bullfrogs
  A scorpion (D:10)
  An orc priest (Vaults:2)
  A jelly (D:4)
  An orc wizard (Orc:2)
  2 worker ants
  A gnoll (D:5)
  10 orcs
  A hobgoblin (D:3)
  A ball python (D:7)
  A goblin zombie (D:7)
  2 tentacles (Shoals:4)
133 creatures vanquished.

Vanquished Creatures (others)
  A dancing weapon (Vaults:3)
  A shadow wraith (Vaults:2)
  2 fauns (Shoals:3)
  A yaktaur (Vaults:1)
  A snapping turtle (Shoals:3)
  A basilisk (Lair:5)
  An orc warrior (D:14)
  A centaur (Vaults:2)
  A crimson imp (D:14)
  A hound (D:14)
  An orc priest (D:8)
  A leopard gecko (D:8)
  2 orcs
  A jackal (D:8)
  A kobold (D:1)
  A bush (Lair:3)
  8 fungi
  8 plants
  7 tentacles (Shoals:4)
  A withered plant (Ossuary)
42 creatures vanquished.

Grand Total: 1401 creatures vanquished

Notes
Turn   | Place    | Note
-------+----------+-------------------------------------------
     0 | D:1      | Napalmbreeze the Demonspawn Chaos Knight began the quest
                  | for the Orb.
     0 | D:1      | Reached XP level 1. HP: 18/18 MP: 1/1
    30 | D:1      | Reached skill level 1 in Dodging
    30 | D:1      | XOM: harmless Hex miscast
    44 | D:1      | Gained mutation: When seriously injured, your bleeding
                  | wounds create armour. (AC +12) [demonic ancestry]
    44 | D:1      | Reached XP level 2. HP: 22/24 MP: 2/2
    83 | D:1      | XOM: divination: magic mapping
   174 | D:1      | XOM: divination: magic mapping
   230 | D:1      | XOM: potion effect (invisibility)
   249 | D:1      | Reached XP level 3. HP: 23/29 MP: 3/3
   531 | D:1      | XOM: harmless Erth miscast
   539 | D:1      | XOM: divination: magic mapping
   683 | D:1      | XOM: harmless Summ miscast
   785 | D:1      | You fall through a shaft!
   827 | D:2      | Reached XP level 4. HP: 25/35 MP: 4/4
   947 | D:2      | XOM: divination: detect items
  1441 | D:2      | XOM: 4-stop teleportation journey
  1587 | D:3      | Found a burning altar of Makhleb.
  1594 | D:3      | Gained mutation: A weak demonic guardian rushes to your
                  | aid. [demonic ancestry]
  1594 | D:3      | Reached XP level 5. HP: 36/42 MP: 5/5
  1622 | D:3      | Found a faded altar of an unknown god.
  1664 | D:3      | Found a sparkling altar of Nemelex Xobeh.
  1667 | D:3      | XOM: god gift: 23 stones
  2244 | D:4      | XOM: god gift: 12 stones
  2259 | D:4      | Found a staircase to the Ecumenical Temple.
  2282 | D:4      | Noticed an ogre
  2285 | D:4      | XOM: summons friendly crimson imp
  2289 | D:4      | Killed an ogre
  2289 | D:4      | Reached skill level 4 in Fighting
  2289 | D:4      | Reached XP level 6. HP: 47/48 MP: 6/6
  2311 | D:4      | XOM: noise
  2327 | D:4      | XOM: harmless Necr miscast
  2807 | D:5      | Entered Level 5 of the Dungeon
  2825 | D:5      | Noticed a two-headed ogre
  3100 | D:5      | XOM: harmless Air miscast
  3106 | D:5      | Noticed an ice beast
  3107 | D:5      | XOM: 1-stop teleportation journey
  3108 | D:5      | Noticed a sky beast
  3359 | D:5      | Noticed a porcupine
  3359 | D:5      | a gnoll sergeant changed into a porcupine
  3363 | D:5      | Killed a porcupine
  3363 | D:5      | Reached skill level 5 in Axes
  3380 | D:5      | Noticed an ice beast
  3393 | D:5      | XOM: harmless Tloc miscast
  3411 | D:5      | Killed an ice beast
  3411 | D:5      | Reached XP level 7. HP: 31/55 MP: 7/7
  3547 | D:5      | Reached skill level 1 in Polearms
  3617 | D:5      | Reached skill level 1 in Shields
  3618 | D:5      | XOM: confuse monster(s)
  3633 | D:5      | Reached XP level 8. HP: 19/61 MP: 8/8
  3864 | D:5      | XOM: confuse monster(s)
  3866 | D:5      | Reached skill level 5 in Fighting
  4001 | D:5      | Found Obabi's Gadget Shoppe.
  4088 | D:5      | XOM: divination: detect creatures
  4298 | D:5      | XOM: summons friendly quasit
  4323 | D:5      | XOM: scenery: create altars
  4344 | D:5      | Killed a two-headed ogre
  4344 | D:5      | Gained mutation: When seriously injured, your bleeding
                  | wounds create thick armour. (AC +12) [demonic ancestry]
  4344 | D:5      | Reached XP level 9. HP: 69/69 MP: 9/9
  4557 | D:6      | Reached skill level 5 in Polearms
  4557 | D:6      | Reached skill level 5 in Armour
  4827 | D:6      | Reached skill level 6 in Fighting
  4950 | D:6      | XOM: confuse monster(s)
  5168 | D:7      | XOM: noise
  5172 | D:7      | Noticed Pikel
  5199 | D:6      | XOM: enchant monster (good)
  5200 | D:6      | XOM: enchant monster (good)
  5241 | D:6      | Killed Pikel
  5241 | D:6      | Reached skill level 5 in Dodging
  5292 | D:7      | XOM: summons 3 friendly demons
  5301 | D:7      | Noticed Harold
  5311 | D:7      | XOM: blink monster(s)
  5326 | D:7      | Killed Harold
  5376 | D:7      | XOM: god gift: glittering zirconium amulet {god gift}
  5388 | D:7      | Got a glittering zirconium amulet {god gift}
  5428 | D:6      | Identified the amulet of Temptation {Spirit +Blink rPois
                  | rN++ Stlth-} (Xom gifted it to you on level 7 of the
                  | Dungeon)
  5501 | D:7      | Got a fine marble ring
  5502 | D:7      | Identified the ring of Lifo {rF+ rC++ MR- Stlth+} (You
                  | found it on level 7 of the Dungeon)
  5553 | D:7      | Reached XP level 10. HP: 75/77 MP: 8/10
  5583 | D:7      | Found a sand-covered staircase.
  5591 | Ossuary  | Entered an ossuary
  5806 | Ossuary  | XOM: fake destruction
  5808 | Ossuary  | XOM: cleaving
  5912 | D:7      | Noticed Joseph
  5923 | D:7      | XOM: summons 7 friendly demons
  5926 | D:7      | Killed Joseph
  5926 | D:7      | Reached skill level 7 in Fighting
  5931 | D:7      | XOM: scenery: create altars
  6201 | D:7      | XOM: god gift: wand of polymorph (7)
  6241 | D:7      | Found a runed door.
  6245 | D:7      | Noticed Crazy Yiuf
  6250 | D:7      | Killed Crazy Yiuf
  6297 | D:8      | XOM: enchant monster (bad)
  6315 | D:8      | XOM: destruction
  6325 | D:8      | Noticed Maurice
  6340 | D:8      | XOM: fog
  6345 | D:8      | Killed Maurice
  6535 | D:8      | Found a glowing golden altar of the Shining One.
  6565 | D:8      | Noticed Prince Ribbit
  6574 | D:8      | XOM: confuse monster(s)
  6576 | D:8      | Killed Prince Ribbit
  6907 | D:8      | XOM: give mutation
  6907 | D:8      | Gained mutation: You have a pair of small horns on your
                  | head. [Xom's grace]
  6990 | D:9      | XOM: god gift: 20 stones
  7021 | D:9      | XOM: confusion (+ monsters)
  7374 | D:9      | Found a deep blue altar of Sif Muna.
  7554 | D:9      | XOM: scenery: create altars
  7585 | D:9      | Found a staircase to the Orcish Mines.
  7690 | D:9      | XOM: noise
  7825 | D:9      | XOM: harmless Air miscast
  7839 | D:10     | Entered Level 10 of the Dungeon
  8003 | D:10     | Found a staircase to the Lair.
  8011 | D:10     | XOM: harmless Conj miscast
  8018 | D:10     | XOM: confuse monster(s)
  8039 | D:10     | Gained mutation: Your flesh is cold resistant. (rC+)
                  | [demonic ancestry]
  8039 | D:10     | Reached XP level 11. HP: 55/86 MP: 7/11
  8071 | D:10     | XOM: divination: detect creatures
  8239 | D:10     | XOM: cast spell 'Summon Ice Beast'
  8384 | D:10     | XOM: silly message
  8436 | D:10     | XOM: cast spell 'Summon Ice Beast'
  8468 | D:10     | Got a pitted hand axe
  8471 | D:10     | Identified the +4 hand axe of Gesax {chop, +Blink} (You
                  | found it on level 10 of the Dungeon)
  8490 | D:10     | Reached skill level 8 in Fighting
  8601 | D:10     | XOM: scenery: create altars
  8639 | D:10     | XOM: harmless Fire miscast
  8997 | Lair:1   | Entered Level 1 of the Lair of Beasts
  9148 | Lair:1   | XOM: summons friendly chaos spawn
  9329 | Lair:1   | Noticed an eight-headed hydra
  9335 | Lair:1   | Killed an eight-headed hydra
  9460 | Lair:1   | Got a heavily runed leather armour
  9471 | Lair:1   | Identified the +2 leather armour "Leshix" {Str+2} (You
                  | found it on level 1 of the Lair of Beasts)
  9553 | Lair:1   | XOM: mild Conj miscast
  9796 | Lair:1   | XOM: give mutations
  9796 | Lair:1   | Gained mutation: Armour fits poorly on your strangely
                  | shaped body. [Xom's mischief]
  9796 | Lair:1   | Gained mutation: You are frail. (-10% HP) [Xom's mischief]
  9949 | Lair:2   | XOM: summons 5 hostile demons
  9974 | Lair:1   | XOM: harmless Tmut miscast
 10116 | Lair:2   | XOM: polymorph quasit -> white imp
 10122 | Lair:2   | XOM: swap monsters
 10192 | Lair:2   | XOM: fog
 10269 | Lair:2   | Found a hole to the Spider Nest.
 10347 | Lair:2   | XOM: noise
 10358 | Lair:2   | XOM: smoke on damage
 10394 | Lair:2   | XOM: mild Pois miscast
 10486 | Lair:3   | XOM: 1-stop teleportation journey
 10489 | Lair:3   | XOM: blink monster(s)
 10503 | Lair:3   | XOM: scenery: create altars
 10515 | Lair:3   | Reached skill level 1 in Evocations
 10524 | Lair:3   | Reached skill level 10 in Polearms
 10574 | Lair:3   | Found a frozen archway.
 10597 | Lair:3   | Reached skill level 9 in Fighting
 10619 | IceCv    | Entered an ice cave
 10785 | IceCv    | XOM: swap monsters
 10795 | IceCv    | Gained mutation: You have sharp toenails. [demonic
                  | ancestry]
 10795 | IceCv    | Reached XP level 12. HP: 56/85 MP: 10/13
 10796 | IceCv    | XOM: polymorph ice devil -> orange demon
 10924 | IceCv    | XOM: enchant monster (bad)
 10961 | IceCv    | XOM: harmless Necr miscast
 11083 | IceCv    | XOM: noise
 11315 | IceCv    | XOM: enchant monster (good)
 11388 | IceCv    | XOM: summons friendly white imp
 11448 | IceCv    | Got an encrusted plate armour
 11456 | IceCv    | Got a bone flail
 11464 | IceCv    | Identified the +6 plate armour of the Turtle {rN+ Int+2}
                  | (You found it in an ice cave)
 11519 | IceCv    | XOM: harmless Conj miscast
 11535 | Lair:3   | Identified the +9 flail of Egomania {flame, Dex+4} (You
                  | found it in an ice cave)
 11659 | Lair:3   | Reached skill level 1 in Maces & Flails
 11816 | Lair:3   | XOM: god gift: scroll of blinking
 11835 | Lair:3   | Got a bloodstained whip
 11836 | Lair:3   | Identified the +9 whip of Foolhardiness {slash, rElec rN++
                  | MR- Dex+4} (You found it on level 3 of the Lair of Beasts)
 11852 | Lair:3   | Found a staircase to the Shoals.
 11852 | Lair:3   | XOM: mild Hex miscast
 11855 | Lair:3   | XOM: cleaving
 11974 | Lair:3   | XOM is BORED!
 11974 | Lair:3   | XOM: medium Hex miscast
 12190 | Lair:3   | XOM: god gift: scroll of amnesia
 12229 | Lair:3   | XOM: polymorph shadow imp -> crimson imp
 12365 | Lair:3   | Noticed a death yak
 12367 | Lair:3   | Noticed a death yak
 12368 | Lair:3   | Noticed a death yak
 12368 | Lair:3   | Noticed a death yak
 12368 | Lair:3   | Noticed a death yak
 12382 | Lair:3   | Noticed a death yak
 12398 | Lair:3   | XOM: summons friendly iron imp
 12401 | Lair:3   | XOM: confuse monster(s)
 12408 | Lair:2   | Killed a death yak
 12612 | Lair:3   | XOM: destruction
 12622 | Lair:3   | XOM: fog
 12626 | Lair:3   | XOM: scenery: create altars
 12633 | Lair:3   | XOM: fake destruction
 12642 | Lair:2   | XOM: god gift: ration
 12645 | Lair:2   | XOM: summons 3 friendly demons
 12650 | Lair:2   | Killed a death yak
 12921 | Lair:3   | XOM: cleaving
 12937 | Lair:3   | XOM: scenery: create altars
 12957 | Lair:2   | Killed a death yak
 12982 | Lair:2   | XOM: fake destruction
 12990 | Lair:2   | XOM: fake destruction
 12996 | Lair:2   | XOM: summons 2 friendly demons
 13000 | Lair:2   | XOM: potion effect (brilliance)
 13016 | Lair:2   | XOM: fog
 13034 | Lair:2   | XOM: fake destruction
 13044 | Lair:2   | XOM: destruction
 13047 | Lair:2   | XOM: give mutations
 13047 | Lair:2   | Gained mutation: You are somewhat resistant to further
                  | mutation. [Xom's grace]
 13047 | Lair:2   | Gained mutation: You have a beak for a mouth. [Xom's grace]
 13051 | Lair:2   | XOM: scenery: create altars
 13058 | Lair:2   | XOM: confuse monster(s)
 13060 | Lair:2   | XOM: god gift: coiled platinum amulet {god gift}
 13061 | Lair:2   | Got a coiled platinum amulet {god gift}
 13100 | Lair:3   | XOM: summons 12 friendly demons
 13104 | Lair:3   | Killed a death yak
 13106 | Lair:3   | Killed a death yak
 13301 | Lair:3   | XOM: divination: magic mapping
 13363 | Lair:3   | XOM: divination: magic mapping
 13486 | Lair:2   | XOM: divination: magic mapping
 13487 | Lair:2   | Identified the amulet "Sopt" {Acrobat rPois} (Xom gifted it
                  | to you on level 2 of the Lair of Beasts)
 13490 | Lair:2   | Identified a scroll of acquirement
 13538 | Lair:2   | XOM: scenery: create altars
 13544 | Lair:2   | Killed a death yak
 13741 | Lair:4   | Noticed an eight-headed hydra
 13749 | Lair:4   | XOM: 2-stop teleportation journey
 13787 | Lair:4   | XOM: potion effect (brilliance)
 13796 | Lair:4   | Killed an eight-headed hydra
 13796 | Lair:4   | Reached skill level 10 in Fighting
 13868 | Lair:4   | XOM: harmless Erth miscast
 14002 | Lair:4   | XOM: polymorph iron imp -> crimson imp
 14245 | Lair:4   | Noticed an eight-headed hydra
 14251 | Lair:4   | Killed an eight-headed hydra
 14251 | Lair:4   | Reached XP level 13. HP: 65/92 MP: 10/15
 14309 | Lair:4   | XOM: enchant monster (good)
 14311 | Lair:4   | XOM: scenery: create altars
 14317 | Lair:4   | Reached skill level 5 in Maces & Flails
 14472 | Lair:4   | XOM: scenery: create altars
 14561 | Lair:4   | XOM is BORED!
 14561 | Lair:4   | XOM: mild Tloc miscast
 14591 | Lair:5   | XOM: divination: magic mapping
 14646 | Lair:5   | XOM: scenery: create altars
 14777 | Lair:5   | XOM: scenery: create altars
 14826 | Lair:5   | XOM: harmless Tmut miscast
 14850 | Lair:5   | XOM: potion effect (heal wounds)
 14942 | Lair:5   | XOM: cast spell 'Alistair's Intoxication'
 14943 | Lair:5   | Noticed Sonja
 14949 | Lair:5   | XOM: confuse monster(s)
 14951 | Lair:5   | Killed Sonja
 15122 | Lair:5   | XOM: noise
 15125 | Lair:5   | XOM: cast spell 'Cause Fear'
 15146 | Lair:5   | XOM: divination: detect creatures
 15230 | Lair:5   | XOM: enchant monster (bad)
 15497 | Lair:5   | XOM: divination: detect creatures
 15503 | Lair:5   | XOM: swap monsters
 15521 | Lair:5   | XOM: noise
 15617 | Lair:5   | XOM: summons 3 hostile shadow creatures
 15892 | Lair:5   | Found a staircase to the Slime Pits.
 15892 | Lair:5   | Found a viscous altar of Jiyva.
 16343 | Lair:6   | Entered Level 6 of the Lair of Beasts
 16618 | Lair:6   | XOM: smoke on damage
 16618 | Lair:6   | XOM: smoke on damage
 16642 | Lair:6   | XOM: 5-stop teleportation journey
 16838 | Lair:6   | XOM: summons friendly iron imp
 17222 | Lair:6   | XOM: noise
 17292 | Lair:6   | XOM: give mutations
 17292 | Lair:6   | Gained mutation: You are dopey. (Int -2) [Xom's mischief]
 17292 | Lair:6   | Lost mutation: Armour fits poorly on your strangely shaped
                  | body. [Xom's mischief]
 17292 | Lair:6   | Gained mutation: Armour fits poorly on your strangely
                  | shaped body. [Xom's mischief]
 17336 | Lair:6   | XOM: god gift: 23 stones
 17398 | Lair:6   | XOM: harmless Summ miscast
 17475 | Lair:6   | Reached skill level 11 in Fighting
 17654 | Lair:6   | Reached skill level 10 in Armour
 17774 | Lair:6   | Found a burning altar of Makhleb.
 17774 | Lair:6   | XOM: summons friendly ufetubus
 17797 | Lair:6   | XOM: give mutations
 17797 | Lair:6   | Gained mutation: You are clumsy. (Dex -2) [Xom's mischief]
 17797 | Lair:6   | Gained mutation: Your body sometimes deteriorates upon
                  | taking damage. [Xom's mischief]
 17797 | Lair:6   | Lost mutation: You have a beak for a mouth. [Xom's
                  | mischief]
 17799 | Lair:6   | XOM: confusion (+ monsters)
 17829 | Lair:6   | XOM: cast spell 'Leda's Liquefaction'
 18008 | Lair:6   | XOM: chaos upgrade
 18017 | Lair:6   | XOM: noise
 18028 | Lair:6   | XOM: potion effect (curing)
 18051 | Lair:6   | Reached XP level 14. HP: 52/101 MP: 7/16
 18065 | Lair:6   | Found a gateway to Hell.
 18213 | Lair:6   | XOM: god gift: knobbly runed staff {god gift}
 18415 | D:11     | Lost mutation: Your body sometimes deteriorates upon taking
                  | damage. [potion of mutation]
 18415 | D:11     | Lost mutation: You are frail. (-10% HP) [potion of
                  | mutation]
 18415 | D:11     | Gained mutation: You passively map a small area around you.
                  | [potion of mutation]
 18572 | D:11     | Reached skill level 10 in Dodging
 18648 | D:11     | Found a snail-covered altar of Cheibriados.
 18755 | D:11     | XOM: blink monster(s)
 19076 | D:11     | XOM: harmless Summ miscast
 19374 | D:12     | XOM: harmless Tmut miscast
 19390 | D:12     | Found a flickering gateway to a bazaar.
 19396 | Bazaar   | Entered a bazaar
 19401 | Bazaar   | Found Humnis's Gadget Shop.
 19421 | Bazaar   | Found Vadece's Antique Armour Shop.
 19442 | Bazaar   | Bought a sack of spiders for 240 gold pieces
 19442 | Bazaar   | Bought a phial of floods for 480 gold pieces
 19442 | Bazaar   | Bought a wand of scattershot (4) for 288 gold pieces
 19617 | Bazaar   | XOM: cloud trail
 19871 | D:12     | XOM: harmless Air miscast
 19889 | D:12     | XOM: god gift: ration
 20076 | D:13     | XOM: cast spell 'Olgreb's Toxic Radiance'
 20439 | D:13     | XOM: 3-stop teleportation journey
 20452 | D:13     | Found Geim Ist's Book Shoppe.
 20459 | D:13     | XOM: mild Tmut miscast
 20554 | D:13     | XOM: noise
 20706 | D:13     | XOM: mild Tloc miscast
 20905 | D:13     | XOM: mild Conj miscast
 21028 | D:13     | Got a bound silver ring
 21030 | D:13     | Identified the cursed ring of Qoovvic {rF+ MR+ AC-2 Str+3}
                  | (You found it on level 13 of the Dungeon)
 21055 | D:13     | XOM: noise
 21070 | D:13     | XOM: 1-stop teleportation journey
 21128 | D:13     | XOM: polymorph vault guard -> death yak
 21135 | D:13     | XOM: enchant monster (good)
 21196 | D:13     | XOM: give mutations
 21196 | D:13     | Gained mutation: You are resistant to electric shocks.
                  | (rElec) [Xom's grace]
 21196 | D:13     | Gained mutation: You have a pair of horns on your head.
                  | [Xom's grace]
 21196 | D:13     | Gained mutation: You have a pair of large horns on your
                  | head. [Xom's grace]
 21196 | D:13     | Gained mutation: You are robust. (+10% HP) [Xom's grace]
 21326 | D:13     | XOM: god gift: potion of curing
 21471 | D:13     | Found a gate to the Vaults.
 21472 | D:13     | XOM: summons friendly shadow imp
 21485 | D:13     | XOM: confuse monster(s)
 21805 | D:14     | XOM: summons 3 friendly demons
 21810 | D:14     | XOM: enchant monster (good)
 21892 | D:14     | XOM: confuse monster(s)
 21912 | D:14     | Reached skill level 5 in Evocations
 21933 | D:14     | XOM: polymorph centaur -> worm
 21951 | D:14     | XOM: divination: magic mapping
 21957 | D:14     | XOM: confuse monster(s)
 21963 | D:14     | XOM: mild Air miscast
 21995 | D:14     | XOM: blink monster(s)
 22108 | D:14     | XOM: scenery: create altars
 22324 | D:14     | XOM: potion effect (invisibility)
 22462 | D:14     | Found a large runed door.
 22462 | D:14     | Found a large runed door.
 22607 | D:14     | XOM: medium Necr miscast
 22673 | D:14     | XOM: confuse monster(s)
 22875 | D:14     | XOM: mild Summ miscast
 22883 | D:15     | Entered Level 15 of the Dungeon
 22889 | D:15     | XOM: divination: detect creatures
 22906 | D:15     | XOM: confuse monster(s)
 22916 | D:15     | XOM: swap monsters
 22982 | D:15     | XOM: 1-stop teleportation journey
 22983 | D:15     | XOM: noise
 23172 | D:15     | XOM: harmless Fire miscast
 23407 | D:15     | XOM: confusion
 23411 | D:15     | XOM: mild Fire miscast
 23413 | D:15     | XOM: swap monsters
 23415 | D:15     | XOM: cast spell 'Summon Hydra'
 23458 | D:15     | Reached skill level 12 in Fighting
 23553 | D:15     | Gained mutation: A demonic guardian rushes to your aid.
                  | [demonic ancestry]
 23553 | D:15     | Reached XP level 15. HP: 95/132 MP: 19/19
 23574 | D:15     | XOM: polymorph sixfirhy -> sun demon
 23583 | D:15     | XOM: give mutations
 23583 | D:15     | Lost mutation: You are dopey. (Int -2) [Xom's mischief]
 23583 | D:15     | Gained mutation: Your flesh is very cold resistant. (rC++)
                  | [Xom's mischief]
 23583 | D:15     | Lost mutation: Armour fits poorly on your strangely shaped
                  | body. [Xom's mischief]
 23583 | D:15     | Lost mutation: You are clumsy. (Dex -2) [Xom's mischief]
 23669 | D:15     | Found a staircase to the Depths.
 23677 | D:15     | XOM: confuse monster(s)
 23701 | D:15     | XOM: polymorph soul eater -> sun demon
 23777 | D:15     | Found a transporter.
 23792 | D:15     | Noticed Ciugracu's ghost (weakling FoFi)
 23793 | D:15     | Found a transporter.
 23793 | D:15     | Identified the +5 great mace of Moral Flaws {holy, *Drain
                  | rC++ rN++}
 24141 | D:10     | XOM: give mutations
 24141 | D:10     | Gained mutation: Your body sometimes deteriorates upon
                  | taking damage. [Xom's mischief]
 24141 | D:10     | Lost mutation: You are somewhat resistant to further
                  | mutation. [Xom's mischief]
 24141 | D:10     | Lost mutation: Your flesh is very cold resistant. (rC++)
                  | [Xom's mischief]
 24153 | Orc:1    | Entered Level 1 of the Orcish Mines
 24187 | Orc:1    | XOM: medium Tloc miscast
 24246 | Orc:1    | Noticed Nergalle
 24249 | Orc:1    | XOM: noise
 24258 | Orc:1    | Killed Nergalle
 24320 | Orc:1    | XOM: medium Ice miscast
 24347 | Orc:2    | Entered Level 2 of the Orcish Mines
 24424 | Orc:1    | Found a roughly hewn altar of Beogh.
 24437 | Orc:1    | XOM: smoke on damage
 24492 | Orc:1    | Noticed Fannar
 24509 | Orc:1    | XOM: swap monsters
 24513 | Orc:1    | Killed Fannar
 24519 | Orc:1    | XOM: harmless Fire miscast
 24616 | Orc:1    | Found a roughly hewn altar of Beogh.
 24646 | Orc:1    | XOM: summons 4 hostile shadow creatures
 24659 | Orc:2    | XOM: mild Necr miscast
 25047 | Orc:2    | XOM: blink monster(s)
 25052 | Orc:2    | XOM: confuse monster(s)
 25234 | Orc:2    | Found a staircase to the Elven Halls.
 25390 | Orc:2    | XOM: scenery: create altars
 25439 | Orc:2    | Found Rotaw's General Store.
 25451 | Orc:2    | Bought a scroll of identify for 28 gold pieces
 25483 | Orc:2    | XOM: polymorph orc sorcerer -> tarantella
 25528 | Orc:2    | XOM: cleaving
 25613 | Orc:2    | XOM: summons friendly shadow imp
 25649 | Orc:2    | XOM: mild Ice miscast
 25898 | Orc:2    | Found Cusmigel's Jewellery Shop.
 25898 | Orc:2    | Found Jyown's Assorted Antiques.
 25901 | Orc:2    | Found Buzxucuts's Jewellery Shop.
 25901 | Orc:2    | Found Onisch's Gadget Shoppe.
 25933 | Orc:2    | Bought a transparent tin ring for 135 gold pieces
 25934 | Orc:2    | Identified the ring "Kidisch" {+Blink +Fly Str+5} (You
                  | bought it in a shop on level 2 of the Orcish Mines)
 25945 | Orc:2    | XOM: silly message
 25971 | Orc:2    | XOM: silly message
 25972 | Orc:2    | Bought the amulet of Epodof {Reflect Str+2 Int+4 SH+5} for
                  | 1033 gold pieces
 26281 | Lair:3   | XOM: harmless Air miscast
 26289 | Shoals:1 | Entered Level 1 of the Shoals
 26290 | Shoals:1 | XOM: potion effect (agility)
 26589 | Shoals:1 | Identified the +1 pair of gloves "Punop" {-Cast rElec rCorr
                  | Dex+3}
 26589 | Shoals:1 | Noticed Nikola
 26589 | Shoals:1 | XOM: scenery: create altars
 26592 | Shoals:1 | XOM: enchant monster (bad)
 26596 | Shoals:1 | Noticed Nikola
 26596 | Shoals:1 | Nikola changed into Nikola the acid blob
 26596 | Shoals:1 | XOM: polymorph Nikola -> Nikola the acid blob
 26598 | Shoals:1 | Killed Nikola the acid blob
 26705 | Shoals:1 | XOM: harmless Air miscast
 26843 | Shoals:1 | XOM: harmless Erth miscast
 27167 | Shoals:2 | Got a crude tin ring
 27169 | Shoals:2 | Identified the ring "Riwupp" {Fire *Contam rN+ Int+2} (You
                  | found it on level 2 of the Shoals)
 27186 | Shoals:2 | Gained mutation: You tend to lose your temper in combat.
                  | [mutagenic glow]
 27199 | Shoals:2 | XOM: potion effect (curing)
 27205 | Shoals:2 | XOM: silly message
 27562 | Shoals:2 | XOM: harmless Summ miscast
 27614 | Shoals:2 | Reached skill level 10 in Maces & Flails
 27784 | Shoals:3 | Reached skill level 13 in Fighting
 27808 | Shoals:3 | XOM: divination: magic mapping
 27914 | Shoals:3 | XOM: silly message
 28058 | Shoals:3 | XOM: confusion
 28079 | Shoals:3 | XOM: harmless Pois miscast
 28090 | Shoals:3 | XOM: destruction
 28319 | Shoals:2 | XOM: medium Conj miscast
 28481 | Shoals:3 | Reached XP level 16. HP: 61/144 MP: 16/21
 28747 | Shoals:3 | XOM: divination: detect items
 28784 | Shoals:4 | Entered Level 4 of the Shoals
 28797 | Shoals:4 | XOM: cleaving
 28800 | Shoals:3 | XOM: smoke on damage
 28805 | Shoals:3 | XOM: fake destruction
 28806 | Shoals:3 | XOM: enchant monster (good)
 28968 | Shoals:4 | XOM: god gift: iridescent dagger {god gift}
 29013 | Shoals:4 | Got an iridescent dagger {god gift}
 29014 | Shoals:4 | Identified the cursed +1 dagger "Hibbon" {chaos, Fragile
                  | rC+ Int+3} (Xom gifted it to you on level 4 of the Shoals)
 29025 | Shoals:4 | Got a pair of smoking gloves
 29038 | Shoals:4 | Identified the +1 pair of gloves "Ivabez" {+Fly rN+} (You
                  | found it on level 4 of the Shoals)
 29186 | Shoals:3 | XOM: 2-stop teleportation journey
 29477 | Shoals:4 | XOM: destruction
 29487 | Shoals:4 | Identified the cursed +1 glaive of Karma {chop, rElec}
 29488 | Shoals:4 | XOM: confuse monster(s)
 29624 | Shoals:4 | Noticed a kraken
 29625 | Shoals:4 | XOM: cleaving
 29643 | Shoals:4 | Killed a kraken
 29729 | Shoals:4 | XOM: cleaving
 29780 | Shoals:4 | XOM: cloud trail
 29802 | Shoals:4 | XOM: summons friendly quasit
 29863 | Shoals:4 | XOM: polymorph quasit -> crimson imp
 29940 | Shoals:4 | XOM: scenery: create altars
 30189 | Shoals:4 | Got a bloodstained short sword
 30190 | Shoals:4 | Identified the cursed +3 short sword of Fuphabod {speed,
                  | +Rage MR+++ Dex+3 Stlth-} (You found it on level 4 of the
                  | Shoals)
 30339 | Shoals:4 | XOM: cloud trail
 30388 | Shoals:4 | XOM: summons friendly iron imp
 30757 | Shoals:4 | XOM: summons 2 friendly demons
 30762 | Shoals:4 | XOM: summons friendly ufetubus
 30811 | Shoals:4 | Got a barnacled rune of Zot
 31364 | Lair:2   | Found a shimmering altar of Xom.
 31364 | Lair:2   | Found a shimmering altar of Xom.
 31366 | Lair:2   | Found a shimmering altar of Xom.
 31375 | Lair:2   | Found a shimmering altar of Xom.
 31376 | Lair:2   | Found a shimmering altar of Xom.
 31379 | Lair:2   | Found a shimmering altar of Xom.
 31380 | Lair:2   | Found a shimmering altar of Xom.
 31382 | Lair:2   | Found a shimmering altar of Xom.
 31421 | Lair:2   | Found a hole to the Spider Nest.
 31627 | Spider:1 | Entered Level 1 of the Spider Nest
 31691 | Spider:1 | XOM: polymorph redback -> elephant
 31696 | Spider:1 | Reached skill level 14 in Fighting
 31711 | Spider:1 | XOM: give mutations
 31711 | Spider:1 | Gained mutation: You are dopey. (Int -2) [Xom's mischief]
 31711 | Spider:1 | Gained mutation: You have razor-sharp toenails. [Xom's
                  | mischief]
 31784 | Spider:1 | XOM: god gift: 14 arrows
 32134 | Spider:1 | XOM: destruction
 32204 | Spider:1 | Found a runed gate.
 32205 | Spider:1 | Found a runed gate.
 32206 | Spider:1 | Found a runed gate.
 32208 | Spider:1 | Noticed SupremeSnack's ghost (adept DsBe)
 32626 | Spider:2 | XOM: harmless Fire miscast
 32807 | Spider:2 | XOM: divination: detect items
 32841 | Spider:2 | XOM: divination: magic mapping
 32849 | Spider:2 | XOM: confuse monster(s)
 33186 | Spider:2 | XOM: potion effect (invisibility)
 33298 | Spider:2 | XOM: medium Air miscast
 33509 | Spider:3 | Noticed Azrael
 33511 | Spider:3 | XOM: summons 6 friendly demons
 33529 | Spider:3 | Killed Azrael
 33562 | Spider:2 | XOM: god gift: scroll of fog
 33936 | Spider:3 | XOM: scenery: create altars
 34044 | Spider:3 | XOM: harmless Tmut miscast
 34184 | Spider:3 | XOM: polymorph jumping spider -> raiju
 34187 | Spider:3 | Mutation became permanent: You have sharp toenails.
                  | [demonic ancestry]
 34187 | Spider:3 | Gained mutation: You have razor-sharp toenails. [demonic
                  | ancestry]
 34187 | Spider:3 | Reached XP level 17. HP: 114/154 MP: 18/23
 34223 | Spider:3 | XOM: give mutations
 34223 | Spider:3 | Lost mutation: You are dopey. (Int -2) [Xom's mischief]
 34223 | Spider:3 | Lost mutation: You tend to lose your temper in combat.
                  | [Xom's mischief]
 34223 | Spider:3 | Lost mutation: You are robust. (+10% HP) [Xom's mischief]
 34223 | Spider:3 | Gained mutation: You possess an exceptional clarity of
                  | mind. [Xom's mischief]
 34622 | Spider:4 | Entered Level 4 of the Spider Nest
 34624 | Spider:4 | Reached skill level 15 in Fighting
 34625 | Spider:4 | XOM: swap monsters
 34640 | Spider:3 | XOM: enchant monster (bad)
 34779 | Spider:4 | XOM: polymorph redback -> yaktaur
 34905 | Spider:4 | XOM: 1-stop teleportation journey
 35116 | Spider:4 | XOM: divination: detect items
 35241 | Spider:4 | XOM: repel stairs
 35242 | Spider:4 | XOM: swap monsters
 35245 | Spider:4 | XOM: give mutations
 35245 | Spider:4 | Gained mutation: Armour fits poorly on your strangely
                  | shaped body. [Xom's mischief]
 35245 | Spider:4 | Lost mutation: You passively map a small area around you.
                  | [Xom's mischief]
 35245 | Spider:4 | Gained mutation: Scrolls take you a little longer to read.
                  | [Xom's mischief]
 35245 | Spider:4 | Gained mutation: Scrolls take you longer to read. [Xom's
                  | mischief]
 35278 | Spider:4 | HP: 7/142 [poisoned by a redback]
 35283 | Spider:4 | HP: 5/142 [poisoned by a redback]
 35289 | Spider:4 | HP: 4/142 [poisoned by a redback]
 35295 | Spider:4 | HP: 4/142 [poisoned by a redback]
 35303 | Spider:4 | HP: 5/142 [poisoned by a redback]
 35657 | Spider:4 | XOM: harmless Necr miscast
 35823 | Spider:4 | Got a vibrating zirconium amulet
 35826 | Spider:4 | Identified the amulet of Bont {Reflect Str+5 SH+4} (You
                  | found it on level 4 of the Spider Nest)
 36023 | Spider:4 | XOM: give mutations
 36023 | Spider:4 | Gained mutation: You have claws for feet. [Xom's grace]
 36023 | Spider:4 | Gained mutation: You are resistant to hostile enchantments.
                  | (MR+) [Xom's grace]
 36023 | Spider:4 | Gained mutation: You expend magic power (3 MP) to
                  | strengthen your wands. [Xom's grace]
 36023 | Spider:4 | Gained mutation: You are somewhat resistant to further
                  | mutation. [Xom's grace]
 36316 | Spider:4 | XOM: silly message
 36670 | Orc:2    | Bought an uncursed ring of see invisible for 255 gold
                  | pieces
 36737 | Orc:2    | XOM: summons 8 hostile demons
 37249 | Spider:4 | XOM: noise
 37600 | Spider:4 | Got a gossamer rune of Zot
 37863 | Lair:1   | XOM: noise
 37975 | Vaults:1 | Entered Level 1 of the Vaults
 37984 | Vaults:1 | XOM: noise
 37988 | Vaults:1 | XOM: chaos cloud
 38012 | Vaults:1 | XOM: medium Pois miscast
 38020 | Vaults:1 | XOM: mild Fire miscast
 38032 | Vaults:1 | Found a flickering gateway to a bazaar.
 38032 | Vaults:1 | XOM: 7-stop teleportation journey
 38044 | Bazaar   | Entered a bazaar
 38045 | Bazaar   | Found Ulixik's Book Emporium.
 38045 | Bazaar   | Found Vumyts's Assorted Antiques.
 38046 | Bazaar   | Found Zoafad's Book Shop.
 38091 | Bazaar   | Found Wiupp's Jewellery Boutique.
 38236 | Vaults:1 | Reached skill level 16 in Fighting
 38279 | Vaults:1 | XOM: torment (40/144 hp)
 38469 | Vaults:1 | XOM: harmless Ice miscast
 38848 | Vaults:1 | Gained mutation: A powerful demonic guardian rushes to your
                  | aid. [demonic ancestry]
 38848 | Vaults:1 | Reached XP level 18. HP: 57/152 MP: 24/24
 39002 | Vaults:1 | XOM: summons friendly crimson imp
 39003 | Vaults:1 | XOM: blink monster(s)
 39025 | Vaults:1 | XOM: mild Pois miscast
 39087 | Vaults:1 | XOM: harmless Chrm miscast
 39284 | Vaults:1 | XOM: give mutations
 39284 | Vaults:1 | Lost mutation: Scrolls take you longer to read. [Xom's
                  | mischief]
 39284 | Vaults:1 | Lost mutation: You possess an exceptional clarity of mind.
                  | [Xom's mischief]
 39284 | Vaults:1 | Lost mutation: You have claws for feet. [Xom's mischief]
 39301 | Vaults:1 | XOM: summons 6 friendly demons
 39324 | Vaults:1 | XOM: confusion
 39344 | Vaults:1 | XOM: noise
 39351 | Vaults:1 | XOM: summons 9 hostile demons
 39530 | Vaults:1 | XOM: enchant monster (bad)
 39622 | Vaults:1 | XOM: polymorph ogre mage -> great orb of eyes
 39785 | Vaults:1 | XOM: stat loss: -1 Int (15/16)
 39819 | Vaults:1 | Found a runed gate.
 39819 | Vaults:1 | Found a runed gate.
 39819 | Vaults:1 | Noticed Wamu's ghost (veteran GnSk)
 39820 | Vaults:1 | Found a runed gate.
 39896 | Vaults:1 | XOM: summons 8 friendly demons
 39898 | Vaults:1 | XOM: confuse monster(s)
 40078 | Vaults:1 | XOM: cloud trail
 40169 | Vaults:1 | XOM: god gift: leather armour {god gift}
 40171 | Vaults:1 | XOM: scenery: 2 doors close
 40311 | Vaults:2 | XOM: enchant monster (good)
 40312 | Vaults:2 | XOM: cleaving
 40318 | Vaults:1 | Reached skill level 17 in Fighting
 40410 | Vaults:2 | XOM: god gift: 47 gold pieces
 40419 | Vaults:2 | XOM: noise
 40420 | Vaults:2 | XOM: divination: detect items
 40444 | Vaults:2 | XOM: harmless Erth miscast
 40547 | Vaults:2 | XOM: silly message
 40818 | Vaults:2 | XOM: harmless Pois miscast
 40825 | Vaults:2 | XOM: harmless Necr miscast
 40909 | Vaults:2 | XOM: divination: detect creatures
 41055 | Vaults:2 | XOM: mild Ice miscast
 41316 | Vaults:2 | XOM: medium Tloc miscast
 41777 | Vaults:2 | XOM: summons 2 hostile demons
 41876 | Vaults:2 | XOM: 8-stop teleportation journey
 41904 | Vaults:2 | XOM: 1-stop teleportation journey
 42013 | Vaults:2 | XOM: harmless Conj miscast
 42180 | Vaults:2 | XOM: silly message
 42420 | Vaults:3 | XOM: destruction
 42426 | Vaults:3 | XOM: summons 5 friendly demons
 42432 | Vaults:3 | XOM: summons 3 friendly demons
 42439 | Vaults:3 | XOM: polymorph shadow imp -> iron imp
 42441 | Vaults:3 | Gained mutation: When seriously injured, your bleeding
                  | wounds create very thick armour. (AC +12) [demonic
                  | ancestry]
 42441 | Vaults:3 | Reached XP level 19. HP: 149/162 MP: 22/25
 42748 | Vaults:3 | Noticed Mennas
 42769 | Vaults:3 | Killed Mennas
 42788 | Vaults:3 | XOM: cast spell 'Ring of Flames'
 42885 | Vaults:3 | Reached skill level 18 in Fighting
 42992 | Vaults:3 | XOM: scenery: 2 doors open, 1 doors close
 43135 | Vaults:3 | XOM: summons 9 friendly demons
 43136 | Vaults:3 | XOM: god gift: 12 gold pieces
 43147 | Vaults:3 | Reached skill level 5 in Shields
 43154 | Vaults:3 | XOM: cast spell 'Summon Ice Beast'
 43156 | Vaults:3 | XOM: potion effect (haste)
 43338 | Vaults:3 | XOM: divination: detect items
 43340 | Vaults:3 | Paralysed by a floating eye for 2 turns
 43342 | Vaults:3 | XOM: potion effect (agility)
 43343 | Vaults:3 | Noticed Jory
 43345 | Vaults:3 | XOM: butterfly on damage
 43353 | Vaults:3 | XOM: fog
 43355 | Vaults:3 | Reached skill level 15 in Armour
 43368 | Vaults:3 | HP: 10/244 [sphinx (4)]
 43369 | Vaults:3 | HP: 4/244 [Jory/+0 battleaxe of draining (2)]
 43372 | Vaults:3 | Mangled by Jory

Vault maps used:
D:1:      dpeg_arrival_houses_and_road, minmay_heptomino_d4
D:2:      first_ration
D:3:      marbit_many_paths, chequers_ecumenical_altar_simple,
          makhleb_heckhound_becter
D:4:      minmay_temple_entry_statues, kennysheep_windowed_goal
D:5:      cheibrodos_fzero, serial_shops, kennysheep_mini_moat
D:7:      enter_ossuary_4, uniq_pikel, uniq_crazy_yiuf_cottage, uniq_harold,
          uniq_joseph
D:8:      tso_metal_star, uniq_maurice, uniq_prince_ribbit1
D:9:      minmay_orc_entry_guard_dogs, basic_altar, the_bakery, st_stairs_2
D:10:     cheibrodos_ideogram_h, erik_lair_orcish_takeover
D:11:     basic_altar
D:12:     serial_shops, bzr_entry_customers
D:13:     grunt_vaults_entry_fortified, serial_shops, nicolae_shop_statue_plus
D:14:     lightli_elemental_guards
D:15:     gammafunk_enter_depths_forms, minmay_strange_pillars,
          gammafunk_ghost_smash
Lair:1:   serial_bayou_shore_b
Lair:2:   spider_nest_entry_web_field, roderic_carrion_pond
Lair:3:   minmay_shoals_entry_beasts, portal_ice_cave_entry_ice_beasts,
          serial_bayou_shore_a, infiniplex_staircase_pool_2
Lair:4:   serial_bayou_shore_b
Lair:5:   slime_altar_1, grunt_megastairs_2, uniq_sonja
Lair:6:   evil_forest
Shoals:1: uniq_nikola
Shoals:2: yaktaur_hedge
Shoals:3: cheibrodos_shoals_oceanic_diplomacy
Shoals:4: shoals_end_grunt_ice, nicolae_shoals_square_sea_wall
Spider:1: gammafunk_ghost_necromancy
Spider:2: hangedman_spider_mandibles
Spider:3: guppyfry_hornet_nest, uniq_azrael
Spider:4: spider_rune_water, guppyfry_spider_mini_1
Orc:1:    hangedman_feature_mirror, uniq_fannar, uniq_nergalle, uniq_snorg
Orc:2:    grunt_orc_tribal_feast, serial_shops, shop
Vaults:1: gammafunk_vaults_ghost_tricky_traps, v_pattern_5,
          hangedman_vaults_nodes, nicolae_vaults_three_branches, v_rooms_3,
          vaults_mumra_chevron, vaults_room_glass_cross,
          nicolae_vaults_little_squares_4, dpeg_vaults_monster_box,
          grunt_vaults_focal, nicolae_vaults_asterisk, serial_shops,
          bzr_entry_lakeside
Vaults:2: vaults_standard_mumra_x, grunt_vaults_trifunnel,
          ontoclasm_vaults_tryst, nicolae_vaults_network_s, vaults_mumra_lcd,
          hangedman_vaults_restitches, nicolae_vaults_theta,
          vaults_mumra_hexcomb, sword_in_stone, grunt_vaults_hallway_short,
          v_pattern_2, vaults_room_large_hall, v_alt_pattern_1, uniq_asterion
Vaults:3: nicolae_vaults_arrows, minmay_crypt_entry_necro_gods, v_rooms_2,
          vaults_dpeg_encased_lava, st_greater_box_3, vaults_room_door_ring,
          nicolae_vaults_bisected_slash, v_misc_5, vaults_standard_mumra_lines,
          nicolae_vaults_rhombus_6, vaults_room_fours,
          nicolae_vaults_specimen_jars, uniq_mennas, uniq_jory
Bazaar:   bazaar_jpeg_cross, bazaar_minmay_plants
Ossuary:  ossuary_zaba_flooded
IceCv:    ice_cave_tombish

Skill      XL: |  1  2  3  4  5  6  7  8  9 10 11 12 13 14 15 16 17 18 19 |
---------------+----------------------------------------------------------+-----
Dodging        | 1 2 3 4 5 6 7 8 9 10 11 12 13 14 | 14.0
Axes           | 3 4 5 |  5.1
Armour         | 2 3 4 5 6 8 9 10 11 12 13 14 15 | 15.0
Fighting       | 4 5 6 7 9 10 11 12 13 14 16 17 18 | 18.1
Polearms       | 2 4 6 8 10 | 10.5
Shields        | 1 3 4 5 |  5.6
Evocations     | 1 3 5 7 8 |  8.0
Maces & Flails | 4 8 9 10 11 12 13 | 13.3

Action                   |  1- 3 |  4- 6 |  7- 9 | 10-12 | 13-15 | 16-18 | 19-21 || total
-------------------------+-------+-------+-------+-------+-------+-------+-------++-------
Melee: Hand axe          |   122 |   145 |       |       |       |       |       ||   267
       Spear             |       |       |   228 |   866 |       |       |       ||  1094
       Headbutt          |       |       |       |   148 |   371 |   429 |    51 ||   999
       Flail             |       |       |       |   166 |  1410 |  1330 |   145 ||  3051
       Peck              |       |       |       |    12 |    84 |       |       ||    96
       Kick              |       |       |       |       |   492 |   664 |    78 ||  1234
       Whip              |       |       |       |       |    66 |       |       ||    66
Throw: Tomahawk          |       |    12 |     4 |       |       |       |       ||    16
 Abil: Evoke Flight      |       |       |       |       |    11 |    12 |       ||    23
       Stop Flying       |       |       |       |       |       |     1 |       ||     1
Evoke: Wand              |       |       |       |       |    16 |    28 |     2 ||    46
       Sack of spiders   |       |       |       |       |     1 |       |     2 ||     3
       Lamp of fire      |       |       |       |       |       |     2 |     1 ||     3
       Phial of floods   |       |       |       |       |       |       |     1 ||     1
  Use: Scroll            |       |     2 |     5 |    22 |    12 |    20 |       ||    61
       Potion            |       |     1 |     1 |     3 |     5 |    10 |     6 ||    26
 Stab: Invisible         |     5 |       |       |       |     3 |     1 |       ||     9
       Sleeping          |     1 |       |       |     2 |       |       |       ||     3
       Paralysed         |       |     1 |     2 |     5 |     4 |     2 |       ||    14
       Distracted        |       |     1 |       |     6 |    18 |    11 |     3 ||    39
       Confused          |       |       |       |     3 |     6 |     2 |     1 ||    12
       Petrified         |       |       |       |       |       |     2 |       ||     2
  Eat: Chunk             |       |     8 |     3 |    17 |    30 |    14 |       ||    72
       Ration            |       |       |     2 |     4 |     5 |    10 |     1 ||    22
Armor: Leather armour    |    89 |    21 |       |    38 |       |       |       ||   148
       Ring mail         |       |    10 |       |       |       |       |       ||    10
       Scale mail        |       |    16 |    55 |    91 |       |       |       ||   162
       Plate armour      |       |       |       |   142 |   869 |   489 |       ||  1500
       Gold dragon scale |       |       |       |       |       |   179 |   112 ||   291
Dodge: Dodged            |    91 |   107 |    66 |   311 |   757 |   845 |    89 ||  2266
Block: Buckler           |       |       |    43 |   230 |   566 |   589 |    25 ||  1453
       Reflection        |       |       |       |       |       |    24 |     4 ||    28
       Large shield      |       |       |       |       |       |       |   130 ||   130

Table legend:
 A = Non-vault XP
 B = Vault XP
 C = Vault XP percentage of total XP
 D = Non-vault monster count
 E = Vault monster count
 F = Vault count percentage of total count
                 A         B        C        D         E       F
            +---------+---------+-------+---------+---------+-------
      Total |  225360 |  194421 |  46.3 |     905 |     453 |  33.4
            +---------+---------+-------+---------+---------+-------
        D:1 |      89 |       5 |   5.3 |      32 |       3 |   8.6
        D:2 |      77 |       0 |   0.0 |      23 |       0 |   0.0
        D:3 |      46 |      44 |  48.9 |       9 |       2 |  18.2
        D:4 |     253 |       0 |   0.0 |       8 |       0 |   0.0
        D:5 |    1053 |    1443 |  57.8 |      33 |      11 |  25.0
        D:6 |     554 |     569 |  50.7 |      23 |       1 |   4.2
        D:7 |     663 |    1149 |  63.4 |      15 |       5 |  25.0
        D:8 |    1340 |     582 |  30.3 |      32 |       2 |   5.9
        D:9 |     884 |     653 |  42.5 |      18 |       5 |  21.7
       D:10 |     469 |    2505 |  84.2 |       6 |      28 |  82.4
       D:11 |    4199 |       0 |   0.0 |      23 |       0 |   0.0
       D:12 |    1223 |       3 |   0.2 |       7 |       1 |  12.5
       D:13 |    7662 |    7595 |  49.8 |      39 |      10 |  20.4
       D:14 |   10211 |       0 |   0.0 |      59 |       0 |   0.0
       D:15 |    9732 |    3591 |  27.0 |      34 |      11 |  24.4
     Lair:1 |    2388 |       0 |   0.0 |      11 |       0 |   0.0
     Lair:2 |    6060 |     718 |  10.6 |      21 |       6 |  22.2
     Lair:3 |    6867 |    1733 |  20.2 |      29 |      10 |  25.6
     Lair:4 |    4189 |       0 |   0.0 |      12 |       0 |   0.0
     Lair:5 |    7439 |    1518 |  16.9 |      26 |       3 |  10.3
     Lair:6 |    7146 |    9133 |  56.1 |      31 |      25 |  44.6
   Shoals:1 |    4752 |    1848 |  28.0 |      14 |       1 |   6.7
   Shoals:2 |    9867 |     343 |   3.4 |      23 |       1 |   4.2
   Shoals:3 |   11201 |    5116 |  31.4 |      33 |      10 |  23.3
   Shoals:4 |    8814 |   14495 |  62.2 |      15 |      29 |  65.9
   Spider:1 |    8170 |       0 |   0.0 |      19 |       0 |   0.0
   Spider:2 |   15671 |       0 |   0.0 |      46 |       0 |   0.0
   Spider:3 |   15325 |    2726 |  15.1 |      46 |      11 |  19.3
   Spider:4 |   15701 |   25971 |  62.3 |      51 |      51 |  50.0
      Orc:1 |    1007 |    2323 |  69.8 |      20 |       3 |  13.0
      Orc:2 |    3513 |    5908 |  62.7 |      43 |      30 |  41.1
   Vaults:1 |   42073 |   24045 |  36.4 |      70 |      34 |  32.7
   Vaults:2 |    5696 |   28746 |  83.5 |      13 |      51 |  79.7
   Vaults:3 |   11026 |   46094 |  80.7 |      21 |      53 |  71.6
    Ossuary |       0 |     940 | 100.0 |       0 |      34 | 100.0
      IceCv |       0 |    4625 | 100.0 |       0 |      22 | 100.0
            +---------+---------+-------+---------+---------+-------
